Oilers vs Kraken

Created - 2 février 2024 at 09:44

Goals
1 2 3 T
Oilers 0 1 0 1
Kraken 1 2 2 5
Shots
1 2 3 T
Oilers 6 12 9 27
Kraken 16 12 12 40

GoalsPenalties
1st period
1. Kraken , Oliver Bjorkstrand 20 (Jonas Brodin 17, Frederik Andersen) at 18:29
Adam Henrique (EDM) for Hooking (Minor) at 18:50
2nd period
2. Kraken , Artturi Lehkonen 22 (Connor Murphy 8, David Perron 28) at 6:34
3. Oilers , Adrian Kempe 24 (Chris Kreider 20, Brett Kulak 7) at 11:24 (PP)
4. Kraken , Barclay Goodrow 8 (Radek Faksa 11, Oliver Bjorkstrand 24) at 13:42
Ian Cole (SEA) for Fighting (Major) at 2:57
Alexander True (EDM) for Fighting (Major) at 2:57
Connor Murphy (SEA) for Hooking (Minor) at 11:11
3rd period
5. Kraken , Ryan Poehling 3 (Curtis Lazar 3) at 8:04
6. Kraken , Zach Aston-Reese 2 (Jonas Brodin 18, Ryan Poehling 6) at 17:58
Radko Gudas (EDM) for Hooking (Minor) at 15:14
Ian Cole (SEA) for Fighting (Major) at 18:55
Adam Henrique (EDM) for Fighting (Major) at 18:55
Seth Jones (SEA) for Interference (Minor) at 18:58
Goalie Stats
Cam Talbot (EDM), 35 saves from 40 shots - (0,875), L, 23-20-8, 60:00 minutes
Frederik Andersen (SEA), 26 saves from 27 shots - (0,963), W, 28-22-3, 60:00 minutes
3 StarsOfficial
1 - Ryan Poehling (SEA)
2 - Jonas Brodin (SEA)
3 - Frederik Andersen (SEA)
Referees : Tom Chmielewski and Kyle Rehman
Linesman : Ryan Daisy and Alex Blair
Game Note
Ian Cole and Alexander True fight to a draw at 2:57 of 2nd period
Adam Henrique beats up Ian Cole at 18:55 of 3rd period
Finance
Level 1 -- Attendance: 4443 (74%) -- Ticket Income $444,300
Level 2 -- Attendance: 4215 (84%) -- Ticket Income $252,900
Level 3 -- Attendance: 2000 (100%) -- Ticket Income $70,000
Level 4 -- Attendance: 2480 (62%) -- Ticket Income $62,000
Luxury Box -- Attendance: 1000 (100%) -- Ticket Income $200,000
Game was played at the Climate Pledge Arena.
Total Attendance: 14138 (79%)
Total Ticket Income: $1,029,200
Other Income: $308,760
Total Income: $1,337,960



Team Name Goals Shots Shots Attemp Shots Blocked PIM HIT PP PK FO%
Oilers 12759614201 / 2 (50%)047%
Kraken 540671514210 / 2 (0%)153%

Oilers
Player Name POS G A P +/- PIM HIT SHT SB MP PP MP PP SHT PK MP PK SHT FO% FOT GA TA
Adam HenriqueC/LW0000712018:580:1300:56056% 2500
Adrian KempeLW/RW101-3036020:390:5612:0200% 000
Alexander TrueC/RW000-2512017:310:0000:00040% 502
Boris KatchoukLW000-2020014:040:2300:1300% 000
Brett KulakD011-201119:470:5600:3000% 001
Chris KreiderLW0110001018:330:5600:00050% 201
Chris TierneyC000-3010219:400:0001:54042% 1200
Denis MalginLW/RW000-2004014:010:1800:5000% 100
Frank VatranoLW/RW000-3013018:480:3800:00033% 320
Jack JohnsonD0000001119:320:0000:5700% 001
Jared McCannC/LW0000043025:330:1802:01040% 1502
Joel EdmundsonD000-2040028:580:0003:0100% 003
Kurtis MacDermidD0000000110:370:0000:5700% 000
Marco ScandellaD0000010010:500:0000:5300% 000
Nick BlankenburgD000000000:180:1800:0000% 000
Noah GregorLW/RW000000208:050:0000:000100% 100
Radko GudasD000-3201120:170:0001:3800% 002
Rasmus DahlinD000-3011019:471:1400:0000% 022
Kraken
Player Name POS G A P +/- PIM HIT SHT SB MP PP MP PP SHT PK MP PK SHT FO% FOT GA TA
Artturi LehkonenLW/RW1011006020:392:0400:3400% 000
Barclay GoodrowC/LW1012014013:260:0000:400100% 130
Charlie CoyleC/RW0000013120:031:5400:34060% 3020
Christopher TanevD0001002014:550:0000:5000% 000
Connor MurphyD0112223220:491:2900:5000% 020
Curtis LazarC/RW011200206:260:0000:0000% 000
David PerronLW/RW0111010220:052:0400:0000% 020
Ian ColeD00011010018:421:2900:1300% 000
Jonas BrodinD0222020325:052:2900:2400% 012
Justin HollD0001010214:160:0000:1100% 000
Oliver BjorkstrandLW/RW1120016119:291:5400:0000% 000
Radek FaksaC/LW0112003013:260:0000:40071% 710
Ryan DonatoC/LW0002042012:460:0000:0000% 010
Ryan HartmanC/RW0001050120:052:0400:00039% 2300
Ryan PoehlingC/LW112200206:260:0000:0000% 200
Seth JonesD0003202326:092:2900:0000% 011
Vladimir TarasenkoRW0000014019:291:5400:000100% 111
Zach Aston-ReeseLW/RW101201106:260:0000:0000% 000

Oilers

5 vs 5 Forward
Line #Left WingCenterRight WingPHYDFOFWanted %Time %Time Play
1Jared McCannAdam HenriqueChris Kreider0323731%16:54
2Adrian KempeChris TierneyFrank Vatrano0323332%17:37
3Noah GregorJared McCannAlexander True1222215%8:05
4Boris KatchoukAlexander TrueDenis Malgin131822%12:12
5 vs 5 Defense
Line #DefenseDefensePHYDFOFWanted %Time %Time Play
1Jack JohnsonJoel Edmundson1314034%18:27
2Rasmus DahlinRadko Gudas0233034%18:48
3Brett KulakJoel Edmundson1312015%8:08
4Marco ScandellaKurtis MacDermid1311017%9:25
Power Play Forward
Line #Left WingCenterRight WingPHYDFOFWanted %Time %Time Play
1Chris KreiderAdam HenriqueAdrian Kempe0145176%0:56
2Denis MalginJared McCannFrank Vatrano0144924%0:18
Power Play Defense
Line #DefenseDefensePHYDFOFWanted %Time %Time Play
1Brett KulakRasmus Dahlin0055376%0:56
2Rasmus DahlinNick Blankenburg0054724%0:18
Penalty Kill 4 Players Forward
Line #CenterWingPHYDFOFWanted %Time %Time Play
1Jared McCannAdrian Kempe1405152%2:04
2Chris TierneyAdam Henrique1404948%1:54
Penalty Kill 4 Players Defense
Line #DefenseDefensePHYDFOFWanted %Time %Time Play
1Joel EdmundsonRadko Gudas1405676%3:01
2Jack JohnsonKurtis MacDermid1404424%0:57
Penalty Kill 3 Players
Line #WingPHYDFOFWanted %Time %Time PlayDefenseDefensePHYDFOFWanted %Time %Time Play
1Boris Katchouk140550%0:00 Marco ScandellaRadko Gudas140550%0:00
2Chris Tierney140450%0:00 Brett KulakKurtis MacDermid140450%0:00
4 vs 4 Forward
Line #CenterWingPHYDFOFWanted %Time %Time Play
1Adam HenriqueAdrian Kempe122600%0:00
2Jared McCannAdam Henrique122400%0:00
4 vs 4 Defense
Line #DefensePHYDFOFWanted %Time %Time Play
1Rasmus DahlinRadko Gudas122600%0:00
2Brett KulakNick Blankenburg122400%0:00
Last Minutes Offensive
Left WingCenterRight WingDefenseDefense
Chris KreiderDenis MalginAdrian KempeBrett KulakNick Blankenburg
Last Minutes Defensive
Left WingCenterRight WingDefenseDefense
Boris KatchoukChris TierneyNoah GregorMarco ScandellaJack Johnson
Time
Total ForwardTotal DefenseLast Minutes OffensiveLast Minutes Defensive
60:00 60:00 0:000:00
Extra Forwards
Normal PowerPlayPenalty Kill
Chris Kreider, Frank Vatrano, Boris KatchoukFrank Vatrano, Boris KatchoukDenis Malgin
Extra Defensemen
Normal PowerPlayPenalty Kill
Jack Johnson, Joel Edmundson, Marco ScandellaJack Johnson, Joel EdmundsonMarco Scandella
Penalty Shots
Rasmus Dahlin, Adrian Kempe, Jared McCann, Adam Henrique, Frank Vatrano
Goalie
Cam Talbot, Petr Mrazek
Scratches
Nico Hischier (Upper Body Injury), Tucker Poolman (Healthy), Wade Allison (Healthy)

Kraken

5 vs 5 Forward
Line #Left WingCenterRight WingPHYDFOFWanted %Time %Time Play
1David PerronRyan HartmanArtturi Lehkonen0233533%18:01
2Oliver BjorkstrandCharlie CoyleVladimir Tarasenko0233532%17:35
3Barclay GoodrowRadek FaksaRyan Donato1222523%12:46
4Zach Aston-ReeseRyan PoehlingCurtis Lazar122512%6:26
5 vs 5 Defense
Line #DefenseDefensePHYDFOFWanted %Time %Time Play
1Seth JonesJonas Brodin0324041%22:12
2Ian ColeConnor Murphy0323534%18:31
3Christopher TanevJustin Holl0322526%14:05
4Seth JonesJonas Brodin13100%0:00
Power Play Forward
Line #Left WingCenterRight WingPHYDFOFWanted %Time %Time Play
1David PerronRyan HartmanArtturi Lehkonen0055052%2:04
2Oliver BjorkstrandCharlie CoyleVladimir Tarasenko0055048%1:54
Power Play Defense
Line #DefenseDefensePHYDFOFWanted %Time %Time Play
1Seth JonesJonas Brodin0236063%2:29
2Connor MurphyIan Cole0234037%1:29
Penalty Kill 4 Players Forward
Line #CenterWingPHYDFOFWanted %Time %Time Play
1Radek FaksaBarclay Goodrow1315054%0:40
2Charlie CoyleArtturi Lehkonen1315046%0:34
Penalty Kill 4 Players Defense
Line #DefenseDefensePHYDFOFWanted %Time %Time Play
1Ian ColeJonas Brodin0325032%0:24
2Connor MurphyChristopher Tanev0325068%0:50
Penalty Kill 3 Players
Line #WingPHYDFOFWanted %Time %Time PlayDefenseDefensePHYDFOFWanted %Time %Time Play
1Charlie Coyle050500%0:00 Ian ColeJonas Brodin050600%0:00
2Barclay Goodrow050500%0:00 Connor MurphyJustin Holl050400%0:00
4 vs 4 Forward
Line #CenterWingPHYDFOFWanted %Time %Time Play
1Charlie CoyleDavid Perron014500%0:00
2Ryan HartmanOliver Bjorkstrand014500%0:00
4 vs 4 Defense
Line #DefensePHYDFOFWanted %Time %Time Play
1Seth JonesJonas Brodin032500%0:00
2Connor MurphyChristopher Tanev032500%0:00
Last Minutes Offensive
Left WingCenterRight WingDefenseDefense
David PerronRyan HartmanVladimir TarasenkoSeth JonesJustin Holl
Last Minutes Defensive
Left WingCenterRight WingDefenseDefense
Radek FaksaBarclay GoodrowArtturi LehkonenJustin HollChristopher Tanev
Time
Total ForwardTotal DefenseLast Minutes OffensiveLast Minutes Defensive
60:00 60:00 0:000:00
Extra Forwards
Normal PowerPlayPenalty Kill
Ryan Hartman, David Perron, Vladimir TarasenkoRyan Hartman, David PerronBarclay Goodrow
Extra Defensemen
Normal PowerPlayPenalty Kill
Seth Jones, Justin Holl, Connor MurphySeth Jones, Justin HollConnor Murphy
Penalty Shots
Vladimir Tarasenko, David Perron, Charlie Coyle, Oliver Bjorkstrand, Artturi Lehkonen
Goalie
Frederik Andersen, Matt Murray
Scratches
Evgeny Svechnikov (Healthy), Brad Hunt (Healthy)


Play-by-Play

1st period


0:01 of 1st period - Adam Henrique wins face-off versus Ryan Hartman in neutral zone.
0:26 of 1st period - Jack Johnson is hit by Barclay Goodrow and loses puck.
0:37 of 1st period - Connor Murphy is hit by Adrian Kempe and loses puck.
1:17 of 1st period - Snap shot by Jared McCann.
1:17 of 1st period - Deflect By Chris Kreider.
1:17 of 1st period - Deflect By Justin Holl.
1:17 of 1st period - Shot Misses the Net.
1:17 of 1st period - Puck is out of play.
1:18 of 1st period - Adam Henrique wins face-off versus Ryan Hartman in Kraken zone.
1:23 of 1st period - Slapshot by Chris Kreider.
1:23 of 1st period - Shot Misses the Net.
1:25 of 1st period - Slapshot by Radko Gudas.
1:25 of 1st period - Stopped by Frederik Andersen with a rebound.
1:27 of 1st period - Snap shot by Chris Kreider.
1:27 of 1st period - Shot Blocked by Justin Holl.
1:43 of 1st period - Justin Holl is hit by Chris Tierney.
2:03 of 1st period - Slapshot by Brett Kulak.
2:03 of 1st period - Stopped by Frederik Andersen with a rebound.
2:05 of 1st period - Slapshot by Brett Kulak.
2:05 of 1st period - Deflect By Denis Malgin.
2:05 of 1st period - Shot Blocked by Seth Jones.
2:05 of 1st period - Puck is out of play.
2:06 of 1st period - Jared McCann wins face-off versus Radek Faksa in Kraken zone.
2:07 of 1st period - Snap shot by Noah Gregor.
2:07 of 1st period - Stopped by Frederik Andersen with a rebound.
2:17 of 1st period - Slapshot by Radek Faksa.
2:17 of 1st period - Stopped by Cam Talbot without a rebound.
2:18 of 1st period - Charlie Coyle wins face-off versus Jared McCann in Oilers zone.
2:27 of 1st period - Vladimir Tarasenko is hit by Joel Edmundson and loses puck.
2:58 of 1st period - Wrist shot by Adrian Kempe.
2:58 of 1st period - Stopped by Frederik Andersen with a rebound.
3:00 of 1st period - Slapshot by Jack Johnson.
3:00 of 1st period - Shot Misses the Net.
3:12 of 1st period - Slapshot by Jared McCann.
3:12 of 1st period - Shot Blocked by Jonas Brodin.
3:18 of 1st period - Wrist shot by David Perron.
3:18 of 1st period - Deflect By Artturi Lehkonen.
3:18 of 1st period - Stopped by Cam Talbot without a rebound.
3:19 of 1st period - Charlie Coyle wins face-off versus Alexander True in Oilers zone.
3:44 of 1st period - Kurtis MacDermid is hit by Ryan Donato and loses puck.
4:07 of 1st period - Wrist shot by Ryan Poehling.
4:07 of 1st period - Shot Misses the Net.
4:09 of 1st period - Slapshot by Christopher Tanev.
4:09 of 1st period - Deflect By Joel Edmundson.
4:09 of 1st period - Stopped by Cam Talbot with a rebound.
4:11 of 1st period - Slapshot by Connor Murphy.
4:11 of 1st period - Stopped by Cam Talbot without a rebound.
4:12 of 1st period - Adam Henrique wins face-off versus Ryan Poehling in Oilers zone.
4:58 of 1st period - Slapshot by Oliver Bjorkstrand.
4:58 of 1st period - Stopped by Cam Talbot without a rebound.
4:59 of 1st period - Charlie Coyle wins face-off versus Denis Malgin in Oilers zone.
5:51 of 1st period - Slapshot by Alexander True.
5:51 of 1st period - Shot Misses the Net.
6:25 of 1st period - Wrist shot by Denis Malgin.
6:25 of 1st period - Shot Misses the Net.
6:31 of 1st period - Wrist shot by Alexander True.
6:31 of 1st period - Stopped by Frederik Andersen without a rebound.
6:32 of 1st period - Adam Henrique wins face-off versus Ryan Hartman in Kraken zone.
6:41 of 1st period - Backhand shot by David Perron.
6:41 of 1st period - Shot Misses the Net.
6:43 of 1st period - Slapshot by Seth Jones.
6:43 of 1st period - Deflect By Joel Edmundson.
6:43 of 1st period - Stopped by Cam Talbot without a rebound.
6:44 of 1st period - Charlie Coyle wins face-off versus Chris Kreider in Oilers zone.
7:11 of 1st period - Jonas Brodin is hit by Joel Edmundson and loses puck.
8:29 of 1st period - Snap shot by Radek Faksa.
8:29 of 1st period - Shot Misses the Net.
8:31 of 1st period - Snap shot by Christopher Tanev.
8:31 of 1st period - Shot Blocked by Kurtis MacDermid.
8:53 of 1st period - Brett Kulak is hit by Ryan Hartman and loses puck.
8:58 of 1st period - Snap shot by Artturi Lehkonen.
8:58 of 1st period - Stopped by Cam Talbot without a rebound.
8:59 of 1st period - Chris Tierney wins face-off versus Charlie Coyle in Oilers zone.
9:04 of 1st period - Snap shot by Frank Vatrano.
9:04 of 1st period - Shot Misses the Net.
9:14 of 1st period - Slapshot by Oliver Bjorkstrand.
9:14 of 1st period - Deflect By Charlie Coyle.
9:14 of 1st period - Stopped by Cam Talbot without a rebound.
9:15 of 1st period - Adam Henrique wins face-off versus Ryan Hartman in Oilers zone.
10:00 of 1st period - Slapshot by Connor Murphy.
10:00 of 1st period - Deflect By Rasmus Dahlin.
10:00 of 1st period - Stopped by Cam Talbot without a rebound.
10:01 of 1st period - Radek Faksa wins face-off versus Jared McCann in Oilers zone.
10:04 of 1st period - Snap shot by Ryan Donato.
10:04 of 1st period - Shot Misses the Net.
10:59 of 1st period - Jared McCann is hit by Connor Murphy and loses puck.
11:14 of 1st period - Slapshot by Barclay Goodrow.
11:14 of 1st period - Shot Misses the Net.
11:20 of 1st period - Slapshot by Rasmus Dahlin.
11:20 of 1st period - Shot Blocked by Justin Holl.
11:28 of 1st period - Wrist shot by Jared McCann.
11:28 of 1st period - Stopped by Frederik Andersen without a rebound.
11:29 of 1st period - Chris Tierney wins face-off versus Ryan Hartman in Kraken zone.
11:56 of 1st period - Charlie Coyle is hit by Boris Katchouk and loses puck.
12:51 of 1st period - Adam Henrique is hit by Charlie Coyle and loses puck.
13:18 of 1st period - Boris Katchouk is hit by Ryan Hartman and loses puck.
14:04 of 1st period - Oliver Bjorkstrand is hit by Frank Vatrano and loses puck.
14:32 of 1st period - Denis Malgin is hit by Connor Murphy and loses puck.
14:53 of 1st period - Snap shot by Ryan Poehling.
14:53 of 1st period - Stopped by Cam Talbot without a rebound.
14:54 of 1st period - Noah Gregor wins face-off versus Ryan Poehling in Oilers zone.
14:54 of 1st period - Noah Gregor is hit by Zach Aston-Reese.
15:10 of 1st period - David Perron is hit by Joel Edmundson and loses puck.
15:53 of 1st period - Snap shot by Barclay Goodrow.
15:53 of 1st period - Stopped by Cam Talbot with a rebound.
16:13 of 1st period - Wrist shot by Vladimir Tarasenko.
16:13 of 1st period - Stopped by Cam Talbot with a rebound.
16:15 of 1st period - Wrist shot by Oliver Bjorkstrand.
16:15 of 1st period - Shot Misses the Net.
17:05 of 1st period - Slapshot by Jonas Brodin.
17:05 of 1st period - Deflect By Oliver Bjorkstrand.
17:05 of 1st period - Stopped by Cam Talbot with a rebound.
17:27 of 1st period - Radek Faksa is hit by Marco Scandella and loses puck.
17:46 of 1st period - Snap shot by Artturi Lehkonen.
17:46 of 1st period - Stopped by Cam Talbot with a rebound.
17:48 of 1st period - Snap shot by Artturi Lehkonen.
17:48 of 1st period - Shot Misses the Net.
17:50 of 1st period - Snap shot by Artturi Lehkonen.
17:50 of 1st period - Stopped by Cam Talbot without a rebound.
17:51 of 1st period - Adam Henrique wins face-off versus Ryan Hartman in Oilers zone.
17:56 of 1st period - David Perron is hit by Brett Kulak and loses puck.
18:12 of 1st period - Charlie Coyle is hit by Joel Edmundson and loses puck.
18:29 of 1st period - Wrist shot by Oliver Bjorkstrand.
18:29 of 1st period - Goal by Oliver Bjorkstrand - Oilers : 0 - Kraken : 1.
18:30 of 1st period - Ryan Hartman wins face-off versus Adam Henrique in neutral zone.
18:50 of 1st period - Minor Penalty to Adam Henrique for Hooking.
18:51 of 1st period - Ryan Hartman wins face-off versus Jared McCann in Oilers zone.
19:07 of 1st period - Denis Malgin is hit by Ryan Hartman and loses puck.
19:18 of 1st period - Jonas Brodin is hit by Jared McCann and loses puck.
19:57 of 1st period - David Perron is hit by Jared McCann and loses puck.
Goals for this period are 0 for Oilers vs 1 for Kraken.
Shots for this period are 6 for Oilers vs 16 for Kraken.

2nd period


0:01 of 2nd period - Jared McCann wins face-off versus Charlie Coyle in neutral zone.
0:50 of 2nd period - Penalty to Adam Henrique is over, Adam Henrique is back on ice.
1:04 of 2nd period - Snap shot by Ryan Donato.
1:04 of 2nd period - Stopped by Cam Talbot without a rebound.
1:05 of 2nd period - Jared McCann wins face-off versus Radek Faksa in Oilers zone.
1:30 of 2nd period - Frank Vatrano is hit by Ryan Hartman and loses puck.
1:51 of 2nd period - Slapshot by Jared McCann.
1:51 of 2nd period - Shot Misses the Net.
1:53 of 2nd period - Slapshot by Chris Kreider.
1:53 of 2nd period - Shot Blocked by Oliver Bjorkstrand.
1:55 of 2nd period - Snap shot by Chris Kreider.
1:55 of 2nd period - Stopped by Frederik Andersen without a rebound.
1:56 of 2nd period - Alexander True wins face-off versus Ryan Hartman in Kraken zone.
2:07 of 2nd period - Slapshot by Denis Malgin.
2:07 of 2nd period - Stopped by Frederik Andersen without a rebound.
2:08 of 2nd period - Chris Kreider wins face-off versus Charlie Coyle in Kraken zone.
2:09 of 2nd period - Wrist shot by Jared McCann.
2:09 of 2nd period - Stopped by Frederik Andersen with a rebound.
2:11 of 2nd period - Slapshot by Jack Johnson.
2:11 of 2nd period - Shot Blocked by Seth Jones.
2:13 of 2nd period - Wrist shot by Adam Henrique.
2:13 of 2nd period - Stopped by Frederik Andersen without a rebound.
2:14 of 2nd period - Charlie Coyle wins face-off versus Adam Henrique in Kraken zone.
2:46 of 2nd period - Wrist shot by Adrian Kempe.
2:46 of 2nd period - Shot Blocked by Ryan Hartman.
2:48 of 2nd period - Snap shot by Frank Vatrano.
2:48 of 2nd period - Shot Misses the Net.
2:50 of 2nd period - Snap shot by Frank Vatrano.
2:50 of 2nd period - Deflect By Adrian Kempe.
2:50 of 2nd period - Stopped by Frederik Andersen without a rebound.
2:51 of 2nd period - Jared McCann wins face-off versus Charlie Coyle in Kraken zone.
2:57 of 2nd period - Ian Cole and Alexander True fight to a draw.
2:57 of 2nd period - Penalty to Ian Cole for Fighting.
2:57 of 2nd period - Penalty to Alexander True for Fighting.
2:58 of 2nd period - Adam Henrique wins face-off versus Charlie Coyle in neutral zone.
3:14 of 2nd period - Off-side.
3:15 of 2nd period - Ryan Hartman wins face-off versus Chris Tierney in neutral zone.
5:05 of 2nd period - Slapshot by Oliver Bjorkstrand.
5:05 of 2nd period - Shot Misses the Net.
5:21 of 2nd period - Slapshot by Ryan Donato.
5:21 of 2nd period - Shot Misses the Net.
5:23 of 2nd period - Snap shot by Christopher Tanev.
5:23 of 2nd period - Stopped by Cam Talbot without a rebound.
5:24 of 2nd period - Radek Faksa wins face-off versus Jared McCann in Oilers zone.
5:33 of 2nd period - Wrist shot by Jared McCann.
5:33 of 2nd period - Deflect By Noah Gregor.
5:33 of 2nd period - Shot Blocked by Jonas Brodin.
5:33 of 2nd period - Puck is out of play.
5:34 of 2nd period - Charlie Coyle wins face-off versus Chris Tierney in Kraken zone.
5:34 of 2nd period - Charlie Coyle is hit by Adrian Kempe.
5:51 of 2nd period - Snap shot by Jonas Brodin.
5:51 of 2nd period - Shot Misses the Net.
5:54 of 2nd period - Icing by Chris Tierney.
5:55 of 2nd period - Chris Tierney wins face-off versus Ryan Hartman in Oilers zone.
6:01 of 2nd period - Off-side.
6:02 of 2nd period - Ryan Hartman wins face-off versus Adam Henrique in neutral zone.
6:28 of 2nd period - Backhand shot by Seth Jones.
6:28 of 2nd period - Shot Blocked by Chris Tierney.
6:30 of 2nd period - Snap shot by David Perron.
6:30 of 2nd period - Shot Misses the Net.
6:32 of 2nd period - Slapshot by Connor Murphy.
6:32 of 2nd period - Shot Blocked by Brett Kulak.
6:34 of 2nd period - Snap shot by Artturi Lehkonen.
6:34 of 2nd period - Goal by Artturi Lehkonen - Oilers : 0 - Kraken : 2.
6:35 of 2nd period - Vladimir Tarasenko wins face-off versus Adam Henrique in neutral zone.
6:42 of 2nd period - Snap shot by Vladimir Tarasenko.
6:42 of 2nd period - Stopped by Cam Talbot with a rebound.
6:44 of 2nd period - Snap shot by Charlie Coyle.
6:44 of 2nd period - Shot Misses the Net.
6:46 of 2nd period - Snap shot by Jonas Brodin.
6:46 of 2nd period - Shot Misses the Net.
6:48 of 2nd period - Wrist shot by Vladimir Tarasenko.
6:48 of 2nd period - Stopped by Cam Talbot without a rebound.
6:49 of 2nd period - Adam Henrique wins face-off versus Charlie Coyle in Oilers zone.
6:54 of 2nd period - Snap shot by Jared McCann.
6:54 of 2nd period - Deflect By Adam Henrique.
6:54 of 2nd period - Stopped by Frederik Andersen without a rebound.
6:55 of 2nd period - Charlie Coyle wins face-off versus Adam Henrique in Kraken zone.
7:32 of 2nd period - Wrist shot by Adrian Kempe.
7:32 of 2nd period - Shot Blocked by Jonas Brodin.
7:58 of 2nd period - Snap shot by Frank Vatrano.
7:58 of 2nd period - Stopped by Frederik Andersen without a rebound.
7:59 of 2nd period - Radek Faksa wins face-off versus Frank Vatrano in Kraken zone.
8:04 of 2nd period - Boris Katchouk is hit by Ian Cole and loses puck.
8:09 of 2nd period - Snap shot by Radek Faksa.
8:09 of 2nd period - Shot Misses the Net.
8:11 of 2nd period - Slapshot by Radek Faksa.
8:11 of 2nd period - Stopped by Cam Talbot without a rebound.
8:12 of 2nd period - Charlie Coyle wins face-off versus Adam Henrique in Oilers zone.
8:41 of 2nd period - Slapshot by Adrian Kempe.
8:41 of 2nd period - Shot Misses the Net.
8:51 of 2nd period - Snap shot by Frank Vatrano.
8:51 of 2nd period - Stopped by Frederik Andersen with a rebound.
9:09 of 2nd period - Slapshot by Rasmus Dahlin.
9:09 of 2nd period - Deflect By Denis Malgin.
9:09 of 2nd period - Stopped by Frederik Andersen with a rebound.
9:21 of 2nd period - Radek Faksa is hit by Alexander True and loses puck.
9:50 of 2nd period - Noah Gregor is hit by Oliver Bjorkstrand and loses puck.
10:19 of 2nd period - Wrist shot by Alexander True.
10:19 of 2nd period - Stopped by Frederik Andersen without a rebound.
10:20 of 2nd period - Ryan Hartman wins face-off versus Alexander True in Kraken zone.
10:38 of 2nd period - Icing by Justin Holl.
10:39 of 2nd period - Ryan Hartman wins face-off versus Adam Henrique in Kraken zone.
10:48 of 2nd period - Snap shot by Oliver Bjorkstrand.
10:48 of 2nd period - Stopped by Cam Talbot without a rebound.
10:49 of 2nd period - Adam Henrique wins face-off versus Charlie Coyle in Oilers zone.
10:49 of 2nd period - Adam Henrique is hit by Vladimir Tarasenko.
11:11 of 2nd period - Minor Penalty to Connor Murphy for Hooking.
11:12 of 2nd period - Radek Faksa wins face-off versus Adam Henrique in Kraken zone.
11:24 of 2nd period - Snap shot by Adrian Kempe.
11:24 of 2nd period - Goal by Adrian Kempe - Oilers : 1 - Kraken : 2.
11:25 of 2nd period - Ryan Hartman wins face-off versus Adam Henrique in neutral zone.
11:28 of 2nd period - Brett Kulak is hit by David Perron.
11:52 of 2nd period - Chris Tierney is hit by Jonas Brodin and loses puck.
12:21 of 2nd period - Seth Jones is hit by Boris Katchouk and loses puck.
12:58 of 2nd period - Snap shot by Frank Vatrano.
12:58 of 2nd period - Stopped by Frederik Andersen with a rebound.
13:23 of 2nd period - Connor Murphy is hit by Adam Henrique and loses puck.
13:36 of 2nd period - Slapshot by Barclay Goodrow.
13:36 of 2nd period - Stopped by Cam Talbot with a rebound.
13:40 of 2nd period - Backhand shot by Radek Faksa.
13:40 of 2nd period - Shot Blocked by Chris Tierney.
13:42 of 2nd period - Snap shot by Radek Faksa.
13:42 of 2nd period - Deflect By Barclay Goodrow.
13:42 of 2nd period - Goal by Barclay Goodrow - Oilers : 1 - Kraken : 3.
13:43 of 2nd period - Ryan Hartman wins face-off versus Adam Henrique in neutral zone.
13:48 of 2nd period - Snap shot by Ryan Hartman.
13:48 of 2nd period - Shot Misses the Net.
13:50 of 2nd period - Snap shot by Artturi Lehkonen.
13:50 of 2nd period - Stopped by Cam Talbot with a rebound.
13:52 of 2nd period - Snap shot by David Perron.
13:52 of 2nd period - Shot Blocked by Radko Gudas.
14:18 of 2nd period - Rasmus Dahlin is hit by Ryan Donato and loses puck.
14:32 of 2nd period - Icing by Radko Gudas.
14:33 of 2nd period - Charlie Coyle wins face-off versus Chris Tierney in Oilers zone.
14:50 of 2nd period - Snap shot by Oliver Bjorkstrand.
14:50 of 2nd period - Stopped by Cam Talbot with a rebound.
16:07 of 2nd period - Christopher Tanev is hit by Jared McCann and loses puck.
18:31 of 2nd period - Slapshot by Curtis Lazar.
18:31 of 2nd period - Shot Blocked by Jack Johnson.
18:33 of 2nd period - Slapshot by Connor Murphy.
18:33 of 2nd period - Stopped by Cam Talbot without a rebound.
18:34 of 2nd period - Ryan Hartman wins face-off versus Jared McCann in Oilers zone.
Goals for this period are 1 for Oilers vs 2 for Kraken.
Shots for this period are 12 for Oilers vs 12 for Kraken.

3rd period


0:01 of 3rd period - Charlie Coyle wins face-off versus Jared McCann in neutral zone.
1:54 of 3rd period - Backhand shot by Denis Malgin.
1:54 of 3rd period - Stopped by Frederik Andersen with a rebound.
1:56 of 3rd period - Slapshot by Denis Malgin.
1:56 of 3rd period - Stopped by Frederik Andersen without a rebound.
1:57 of 3rd period - Charlie Coyle wins face-off versus Jared McCann in Kraken zone.
2:06 of 3rd period - Wrist shot by Chris Kreider.
2:06 of 3rd period - Shot Misses the Net.
3:31 of 3rd period - Wrist shot by Frank Vatrano.
3:31 of 3rd period - Shot Blocked by Seth Jones.
3:49 of 3rd period - Alexander True is hit by Ryan Hartman and loses puck.
4:32 of 3rd period - Snap shot by Adrian Kempe.
4:32 of 3rd period - Stopped by Frederik Andersen without a rebound.
4:33 of 3rd period - Chris Tierney wins face-off versus Charlie Coyle in Kraken zone.
4:50 of 3rd period - Snap shot by Oliver Bjorkstrand.
4:50 of 3rd period - Stopped by Cam Talbot without a rebound.
4:51 of 3rd period - Adam Henrique wins face-off versus Ryan Hartman in Oilers zone.
4:56 of 3rd period - Slapshot by Jared McCann.
4:56 of 3rd period - Shot Blocked by David Perron.
5:21 of 3rd period - Off-side.
5:22 of 3rd period - Charlie Coyle wins face-off versus Chris Tierney in neutral zone.
5:40 of 3rd period - Wrist shot by Charlie Coyle.
5:40 of 3rd period - Stopped by Cam Talbot without a rebound.
5:41 of 3rd period - Jared McCann wins face-off versus Ryan Hartman in Oilers zone.
5:54 of 3rd period - Snap shot by Noah Gregor.
5:54 of 3rd period - Stopped by Frederik Andersen without a rebound.
5:55 of 3rd period - Charlie Coyle wins face-off versus Adam Henrique in Kraken zone.
6:24 of 3rd period - Snap shot by Adrian Kempe.
6:24 of 3rd period - Shot Misses the Net.
6:26 of 3rd period - Slapshot by Jack Johnson.
6:26 of 3rd period - Stopped by Frederik Andersen with a rebound.
6:28 of 3rd period - Slapshot by Frank Vatrano.
6:28 of 3rd period - Deflect By Adrian Kempe.
6:28 of 3rd period - Stopped by Frederik Andersen with a rebound.
6:30 of 3rd period - Wrist shot by Adrian Kempe.
6:30 of 3rd period - Stopped by Frederik Andersen with a rebound.
6:32 of 3rd period - Slapshot by Jack Johnson.
6:32 of 3rd period - Shot Blocked by Connor Murphy.
6:34 of 3rd period - Wrist shot by Adrian Kempe.
6:34 of 3rd period - Shot Hit the Post.
6:36 of 3rd period - Slapshot by Jack Johnson.
6:36 of 3rd period - Deflect By Frank Vatrano.
6:36 of 3rd period - Shot Blocked by David Perron.
6:36 of 3rd period - Puck is out of play.
6:37 of 3rd period - Barclay Goodrow wins face-off versus Jared McCann in Kraken zone.
6:42 of 3rd period - Slapshot by Rasmus Dahlin.
6:42 of 3rd period - Shot Misses the Net.
6:44 of 3rd period - Snap shot by Jared McCann.
6:44 of 3rd period - Shot Misses the Net.
6:46 of 3rd period - Slapshot by Jared McCann.
6:46 of 3rd period - Stopped by Frederik Andersen with a rebound.
6:48 of 3rd period - Snap shot by Alexander True.
6:48 of 3rd period - Shot Misses the Net.
6:50 of 3rd period - Slapshot by Rasmus Dahlin.
6:50 of 3rd period - Stopped by Frederik Andersen without a rebound.
6:51 of 3rd period - Adam Henrique wins face-off versus Charlie Coyle in Kraken zone.
8:02 of 3rd period - Wrist shot by Curtis Lazar.
8:02 of 3rd period - Stopped by Cam Talbot with a rebound.
8:04 of 3rd period - Snap shot by Ryan Poehling.
8:04 of 3rd period - Goal by Ryan Poehling - Oilers : 1 - Kraken : 4.
8:05 of 3rd period - Charlie Coyle wins face-off versus Jared McCann in neutral zone.
8:51 of 3rd period - Slapshot by Radek Faksa.
8:51 of 3rd period - Shot Misses the Net.
9:01 of 3rd period - Snap shot by Radek Faksa.
9:01 of 3rd period - Stopped by Cam Talbot with a rebound.
9:03 of 3rd period - Slapshot by Radek Faksa.
9:03 of 3rd period - Deflect By Ryan Donato.
9:03 of 3rd period - Stopped by Cam Talbot without a rebound.
9:04 of 3rd period - Charlie Coyle wins face-off versus Chris Tierney in Oilers zone.
9:07 of 3rd period - Wrist shot by Oliver Bjorkstrand.
9:07 of 3rd period - Shot Misses the Net.
9:09 of 3rd period - Wrist shot by Charlie Coyle.
9:09 of 3rd period - Stopped by Cam Talbot without a rebound.
9:10 of 3rd period - Charlie Coyle wins face-off versus Chris Tierney in Oilers zone.
10:19 of 3rd period - Slapshot by Curtis Lazar.
10:19 of 3rd period - Stopped by Cam Talbot with a rebound.
10:21 of 3rd period - Slapshot by Seth Jones.
10:21 of 3rd period - Stopped by Cam Talbot without a rebound.
10:22 of 3rd period - Alexander True wins face-off versus Charlie Coyle in Oilers zone.
10:36 of 3rd period - Off-side.
10:37 of 3rd period - Adam Henrique wins face-off versus Ryan Hartman in neutral zone.
11:12 of 3rd period - Adrian Kempe is hit by Ryan Donato and loses puck.
11:33 of 3rd period - Slapshot by Boris Katchouk.
11:33 of 3rd period - Shot Blocked by Connor Murphy.
12:06 of 3rd period - Slapshot by Vladimir Tarasenko.
12:06 of 3rd period - Stopped by Cam Talbot without a rebound.
12:07 of 3rd period - Chris Tierney wins face-off versus Ryan Hartman in Oilers zone.
12:24 of 3rd period - Snap shot by Adrian Kempe.
12:24 of 3rd period - Shot Misses the Net.
12:34 of 3rd period - Jared McCann is hit by Ryan Donato and loses puck.
13:15 of 3rd period - Ryan Poehling is hit by Adrian Kempe.
13:29 of 3rd period - Vladimir Tarasenko is hit by Rasmus Dahlin and loses puck.
14:12 of 3rd period - Wrist shot by Barclay Goodrow.
14:12 of 3rd period - Stopped by Cam Talbot with a rebound.
14:15 of 3rd period - Icing by Frank Vatrano.
14:16 of 3rd period - Charlie Coyle wins face-off versus Chris Tierney in Oilers zone.
14:23 of 3rd period - Wrist shot by Charlie Coyle.
14:23 of 3rd period - Shot Misses the Net.
15:14 of 3rd period - Minor Penalty to Radko Gudas for Hooking.
15:15 of 3rd period - Jared McCann wins face-off versus Ryan Hartman in Oilers zone.
15:23 of 3rd period - Joel Edmundson is hit by Jonas Brodin and loses puck.
15:46 of 3rd period - Snap shot by Charlie Coyle.
15:46 of 3rd period - Shot Misses the Net.
17:14 of 3rd period - Penalty to Radko Gudas is over, Radko Gudas is back on ice.
17:23 of 3rd period - Off-side.
17:24 of 3rd period - Radek Faksa wins face-off versus Alexander True in neutral zone.
17:49 of 3rd period - Radko Gudas is hit by Justin Holl and loses puck.
17:58 of 3rd period - Backhand shot by Zach Aston-Reese.
17:58 of 3rd period - Goal by Zach Aston-Reese - Oilers : 1 - Kraken : 5.
17:59 of 3rd period - Adam Henrique wins face-off versus Ryan Hartman in neutral zone.
18:50 of 3rd period - Snap shot by David Perron.
18:50 of 3rd period - Shot Misses the Net.
18:52 of 3rd period - Slapshot by Jonas Brodin.
18:52 of 3rd period - Deflect By Charlie Coyle.
18:52 of 3rd period - Shot Misses the Net.
18:52 of 3rd period - Puck is out of play.
18:53 of 3rd period - Adam Henrique wins face-off versus Charlie Coyle in Oilers zone.
18:55 of 3rd period - Adam Henrique beats up Ian Cole.
18:55 of 3rd period - Penalty to Ian Cole for Fighting.
18:55 of 3rd period - Penalty to Adam Henrique for Fighting.
18:56 of 3rd period - Charlie Coyle wins face-off versus Frank Vatrano in neutral zone.
18:58 of 3rd period - Minor Penalty to Seth Jones for Interference.
18:59 of 3rd period - Frank Vatrano wins face-off versus Charlie Coyle in Kraken zone.
19:13 of 3rd period - Slapshot by Rasmus Dahlin.
19:13 of 3rd period - Shot Blocked by Charlie Coyle.
19:15 of 3rd period - Slapshot by Rasmus Dahlin.
19:15 of 3rd period - Shot Misses the Net.
19:25 of 3rd period - Artturi Lehkonen is hit by Jared McCann and loses puck.
Goals for this period are 0 for Oilers vs 2 for Kraken.
Shots for this period are 9 for Oilers vs 12 for Kraken.